 Dungeon Crawl Stone Soup version 0.26-a0-950-g52035dc9a5 (webtiles) character file.

Game seed: 12911478447312267084

19 ANON1729 the Ruffian (level 2, -1/23 HPs)
             Began as a Draconian Transmuter on Nov 29, 2020.
             Slain by a leopard gecko (4 damage)
             ... on level 1 of the Dungeon.
             The game lasted 00:01:14 (1095 turns).

ANON1729 the Ruffian (Draconian Transmuter)         Turns: 1095, Time: 00:01:15

Health: -1/23      AC:  5    Str: 12    XL:     2   Next: 55%
Magic:  4/5        EV: 12    Int: 13    God:
Gold:   20         SH:  0    Dex: 11    Spells: 4/5 levels left

rFire    . . .     SeeInvis .     - Unarmed
rCold    . . .     Faith    .   (no shield)
rNeg     . . .     Spirit   .   (armour unavailable)
rPois    .         Reflect  .   (helmet currently unavailable)
rElec    .         Harm     .   a - +0 cloak
rCorr    .         Rampage  .   (no gloves)
MR       .....                  (boots currently unavailable)
Stlth    +.........             (no amulet)
HPRegen  0.07/turn              (no ring)
MPRegen  0.09/turn              (no ring)

@: lethally poisoned (-1 -> -2), appendages
A: unfitting armour, horns 2, talons 2, cold-blooded, AC +4
a: End Transformation


You were on level 1 of the Dungeon.
You had grown temporary horns.
You had grown temporary talons.
You visited 1 branch of the dungeon, and saw 2 of its levels.

You collected 20 gold pieces.

Inventory:

Hand Weapons
 e - a +0 club
Armour
 a - a +0 cloak (worn)
Scrolls
 b - 3 scrolls of identify {unknown}
 c - a scroll of amnesia {unknown}
Potions
 d - a potion of berserk rage {unknown}
 f - a potion of curing {unknown}


   Skills:
 + Level 1.4 Fighting
 + Level 1.9 Dodging
 * Level 3.2 Unarmed Combat
 + Level 2.2 Spellcasting
 * Level 2.4 Transmutations


You had 4 spell levels left.
You knew the following spells:

 Your Spells              Type           Power        Failure   Level
a - Beastly Appendage     Tmut           #.....       10%         1

Your spell library contained the following spells:

 Spells                   Type           Power        Failure   Level
 Wereblood                Tmut           #.......     14%         2
 Spider Form              Tmut/Pois      #.........   41%         3
 Ice Form                 Ice/Tmut       #.......     83%         4
 Blade Hands              Tmut           #.........   95%         5


Dungeon Overview and Level Annotations

Branches:
Dungeon (2/15)

Altars:


Innate Abilities, Weirdness & Mutations

Your plain brown scales are hard. (AC +4)
You cannot fit into any form of body armour.
You are cold-blooded and may be slowed by cold attacks.
You have a pair of horns on your head.
You have razor-sharp toenails.


Message History

The leopard gecko bites you.
* * * LOW HITPOINT WARNING * * *
The leopard gecko bites you but does no damage.
You barely miss the leopard gecko.
The leopard gecko is almost dead.
The leopard gecko bites you.
* * * LOW HITPOINT WARNING * * *
Casting: Beastly Appendage (safe; 10% risk of failure)
Confirm with . or Enter, or press ? or * to list all spells.
You grow a pair of large bovine horns.
Your feet morph into talons.
The leopard gecko bites you but does no damage.
You hit the leopard gecko but do no damage.
The leopard gecko is almost dead.
You feel sick. The leopard gecko misses you.
You closely miss the leopard gecko. Your kick misses the leopard gecko.
Your headbutt misses the leopard gecko.
Your tail-slap misses the leopard gecko.
The leopard gecko is almost dead.
The leopard gecko bites you.
You die...

.......#.#.##.#..#.##.####.#.#.#
..####..#.(...#..#.......#.#.#.#
..####.#.#.####.......####.#.#.#
..............#..####.# #.#.#.#
#.##.#.#.#............# #...#.#
#.##.#.#.####.################.#
#......#......########.........#
####.#######..##.....#.#......##
...(.##........l@....#.#..##..#
.....##...........>..#.#...#..#
.....##......##......#.#.#.#..#
######...............#.#.#.#..#
..# #.......#..###.##........#
#.# #.#........##...#####.####
#.# #.#.....#.##.....####.# #.#
#.#.##..#.#...........# #.#
#.#.##..#.##.....######


You could see a leopard gecko.

Vanquished Creatures
  An adder (D:2)
  A bat (D:1)
  2 goblins (D:1)
  2 hobgoblins (D:1)
  A kobold (D:1)
  A frilled lizard (D:1)
  2 rats (D:1)
10 creatures vanquished.

Notes
Turn   | Place    | Note
-------+----------+-------------------------------------------
     0 | D:1      | ANON1729 the Draconian Transmuter began the quest for the
                  | Orb.
     0 | D:1      | Reached XP level 1. HP: 16/16 MP: 3/3
   556 | D:1      | Reached XP level 2. HP: 9/23 MP: 3/5
  1095 | D:1      | Slain by a leopard gecko

Illustrated notes

Levels and vault maps discovered:
D:1:      wheals_arrival_linesprint, layout_loops_cross
D:2:      layout_rooms, minmay_tripent

Action                   || total
-------------------------++-------
Melee: Unarmed           ||    50
       Tailslap          ||     5
 Cast: Beastly Appendage ||     3
 Stab: Sleeping          ||     1
Armor: Skin              ||    17
Dodge: Dodged            ||    27

Table legend: (Time is in decaauts)
 A = Elapsed time spent in this place.
 B = Non-inter-level travel time spent in this place.
 C = Inter-level travel time spent in this place.
 D = Time resting spent in this place.
 E = Time spent auto-exploring this place.
 F = Levels seen in this place.
 G = Mean time per level.
                   A        B        C        D        E       F      G
               +--------+--------+--------+--------+--------+-----+--------+
         Total |   1092 |   1030 |     62 |      5 |    912 |   2 |  546.0 |
       Dungeon |   1092 |   1030 |     62 |      5 |    912 |   2 |  546.0 |
               +--------+--------+--------+--------+--------+-----+--------+

Top non-repeatable levels by time:
     D:1: 1075 daAuts
     D:2: 17 daAuts
